 Dungeon Crawl Stone Soup version 0.26-a0-1021-gda264ca44c (webtiles) character file.

Game seed: 17262339395336127460

26 sahdkjhfkaj the Grave Robber (level 2, 0/15 HPs)
             Began as a Vampire Necromancer on Dec 9, 2020.
             Slain by a leopard gecko (3 damage)
             ... on level 1 of the Dungeon.
             The game lasted 00:01:05 (509 turns).

sahdkjhfkaj the Grave Robber (Vampire Necromancer)   Turns: 509, Time: 00:01:06

Health: 0/15       AC:  3    Str:  7    XL:     2   Next: 89%
Magic:  1/5        EV: 12    Int: 17    God:
Gold:   26         SH:  0    Dex: 14    Spells: 5/6 levels left

rFire    . . .     SeeInvis +   (no weapon)
rCold    + + .     Faith    .   (no shield)
rNeg     + + +     Spirit   .   a - +0 robe
rPois    ∞         Reflect  .   (no helmet)
rElec    .         Harm     .   d - +0 cloak
rCorr    .         Rampage  .   (no gloves)
Will     .....                  (no boots)
Stlth    ++++......             (no amulet)
HPRegen  0.00/turn              (no ring)
MPRegen  0.09/turn              (no ring)

@: bloodless
A: fangs 3, see invisible, unbreathing
a: Revivify


You were on level 1 of the Dungeon.
You visited 1 branch of the dungeon, and saw 1 of its levels.

You collected 26 gold pieces.

Inventory:

Armour
 a - a +0 robe (worn)
 d - a +0 cloak (worn)
Scrolls
 c - a scroll of magic mapping {unknown}
Potions
 b - a potion of curing {unknown}


   Skills:
 - Level 2.1 Dodging
 - Level 3.0 Stealth
 + Level 2.9 Spellcasting
 - Level 4.8 Necromancy


You had 5 spell levels left.
You knew the following spells:

 Your Spells              Type           Power        Failure   Level
a - Pain                  Necr           ###.         2%          1

Your spell library contained the following spells:

 Spells                   Type           Power        Failure   Level
 Animate Skeleton         Necr           ###...       2%          1
 Vampiric Draining        Necr           ###.......   8%          3
 Animate Dead             Necr           ###.......   24%         4
 Agony                    Necr           ###.....     56%         5


Dungeon Overview and Level Annotations

Branches:
Dungeon (1/15)

Altars:


Innate Abilities, Weirdness & Mutations

You do not regenerate when monsters are visible.
You are frail without blood (-20% HP).
You can heal yourself when you bite living creatures.
You are immune to poison.
You have razor-sharp teeth.
You have supernaturally acute eyesight. (SInv)
You can survive without breathing.


Message History

You don't have enough magic to cast that spell.
You don't have enough magic to cast that spell.
The leopard gecko barely misses you.
A ball python comes into view.
The leopard gecko barely misses you.
You hit the leopard gecko but do no damage.
The leopard gecko bites you but does no damage.
You closely miss the leopard gecko. Your bite misses the leopard gecko.
A goblin comes into view. It is wielding a +0 club.
The leopard gecko bites you.
You barely miss the leopard gecko.
The leopard gecko completely misses you.
You hit the leopard gecko but do no damage.
Your bite misses the leopard gecko. The leopard gecko bites you.
You hit the leopard gecko.
The leopard gecko is moderately wounded.
The leopard gecko bites you.
* * * LOW HITPOINT WARNING * * *
The leopard gecko bites you.
You die...

######### #.......#
#.......# #.......#
#########
#.......#######........#
#.......#...............
.......l#....##........#
...g..S@#.$..##........#
.....).(.....##........#
........#..†.##[.......#
.###.#.##....##.........
#.#. #....##......... #
#. .....##########.
###.#.### ##
#....###########
##.#...........##


You could see a leopard gecko, a goblin and a ball python.

Vanquished Creatures
  3 dart slugs (D:1)
  A giant cockroach (D:1)
  2 hobgoblins (D:1)
  6 kobolds (D:1)
  2 bats (D:1)
  A frilled lizard (D:1)
  3 goblins (D:1)
  2 rats (D:1)
20 creatures vanquished.

Notes
Turn   | Place    | Note
-------+----------+-------------------------------------------
     0 | D:1      | sahdkjhfkaj the Vampire Necromancer began the quest for the
                  | Orb.
     0 | D:1      | Reached XP level 1. HP: 13/13 MP: 3/3
   179 | D:1      | Reached XP level 2. HP: 8/19 MP: 0/5
   509 | D:1      | Slain by a leopard gecko

Illustrated notes

Levels and vault maps discovered:
D:1:      giann_bridges, layout_rooms, kennysheep_nondescript

Action                   || total
-------------------------++-------
Melee: Unarmed           ||    26
 Cast: Pain              ||    30
 Abil: Exsanguinate      ||     1
Armor: Robe              ||     6
Dodge: Dodged            ||    19

Table legend: (Time is in decaauts)
 A = Elapsed time spent in this place.
 B = Non-inter-level travel time spent in this place.
 C = Inter-level travel time spent in this place.
 D = Time resting spent in this place.
 E = Time spent auto-exploring this place.
 F = Levels seen in this place.
 G = Mean time per level.
                   A        B        C        D        E       F      G
               +--------+--------+--------+--------+--------+-----+--------+
         Total |    512 |    512 |      0 |     56 |    298 |   1 |  512.0 |
       Dungeon |    512 |    512 |      0 |     56 |    298 |   1 |  512.0 |
               +--------+--------+--------+--------+--------+-----+--------+

Top non-repeatable levels by time:
     D:1: 512 daAuts
